 Dungeon Crawl Stone Soup version 0.28-a0-1292-gb4563b27b3 (webtiles) character file.

Game seed: 8000413341950745899

456 DoubleLucky the Ruffian (level 6, 0/63 HPs)
             Began as a Troll Fighter on Dec 27, 2021.
             Killed from afar by Dowan (6 damage)
             ... with a puff of flame
             ... on level 3 of the Dungeon.
             The game lasted 00:09:49 (3448 turns).

DoubleLucky the Ruffian (Troll Fighter)             Turns: 3448, Time: 00:09:50

Health: 0/63       AC:  4    Str: 25    XL:     6   Next: 77%
Magic:  5/5        EV:  8    Int:  6    God:
Gold:   80         SH:  7    Dex:  9    Spells: 5/5 levels left

rFire   . . .      SeeInvis .     - Unarmed
rCold   . . .      Faith    .   b - +0 kite shield
rNeg    . . .      Spirit   .   a - +0 robe
rPois   .          Reflect  .   (helmet restricted)
rElec   .          Harm     .   (no cloak)
rCorr   .          Rampage  .   (gloves unavailable)
Will    .....                   (boots unavailable)
Stlth   +.........              (no amulet)
HPRegen 1.00/turn               j - ring of flight
MPRegen 0.09/turn               (no ring)

@: mighty, flying
A: large, unfitting armour, claws 3, regeneration 1, shaggy fur 1, tough skin 1
a: no special abilities


You were on level 3 of the Dungeon.
You visited 1 branch of the dungeon, and saw 4 of its levels.

You collected 119 gold pieces.
You spent 39 gold pieces at shops.

Inventory:

Missiles
 d - 114 stones (quivered)
Armour
 a - a +0 robe (worn)
 b - a +0 kite shield (worn)
Jewellery
 j - a ring of flight (left claw)
Wands
 r - a wand of charming (10)
Scrolls
 f - a scroll of teleportation {unknown}
 k - a scroll of enchant armour {unknown}
 l - 4 scrolls of enchant weapon {unknown}
 n - a scroll of silence {unknown}
 p - a scroll of identify {unknown}
 s - a scroll of fog {unknown}
Potions
 c - a potion of might
 e - 3 potions of heal wounds {unknown}
 g - 4 potions of curing
 h - a potion of degeneration {unknown}
 i - a potion of haste {unknown}
 m - 3 potions of flight {unknown}
 o - a potion of berserk rage {unknown}
 q - a potion of mutation {unknown}
 t - a potion of cancellation {unknown}
 u - a potion of lignification {unknown}


   Skills:
 + Level 4.6 Fighting
 + Level 0.9 Throwing
 - Level 2.4 Dodging
 + Level 2.6 Shields
 + Level 5.1 Unarmed Combat


You had 5 spell levels left.
You didn't know any spells.
Your spell library contained the following spells:

 Spells                   Type           Power      Damage    Failure   Level
 Passwall                 Tmut/Erth      0%         N/A       96%         2
 Swiftness                Air            0%         N/A       99%         3


Dungeon Overview and Level Annotations

Branches:
Dungeon (4/15)
 Temple: D:4-7

Altars:
Fedhas

Shops:
D:2 !   D:4 [

Annotations:
D:3 Dowan, Duvessa
D:4 Pikel


Innate Abilities, Weirdness & Mutations

You are too large for most types of armour.
You have claws for hands.
Your natural rate of healing is unusually fast.
You are covered in fur. (AC +1)
You have tough skin. (AC +1)


Message History

Duvessa is lightly wounded.
You block Duvessa's attack.
Duvessa hits you with a +1 short sword of speed!
Dowan points at you and mumbles some strange words.
The puff of flame hits you!
You closely miss Duvessa.
Duvessa is lightly wounded.
You block Duvessa's attack. Duvessa hits you but does no damage.
Dowan hits you with a +0 dagger.
Duvessa hits you with a +1 short sword of speed!
You fly upwards.
There is a stone staircase leading down here.
You claw Duvessa!
Duvessa is heavily wounded.
Duvessa hits you with a +1 short sword of speed.
Dowan barely misses you. Duvessa completely misses you.
You scratch Duvessa but do no damage.
Duvessa is heavily wounded.
Dowan hits you with a +0 dagger.
Duvessa hits you with a +1 short sword of speed.
You feel very mighty all of a sudden. You block Duvessa's attack.
You block Dowan's attack.
Duvessa hits you with a +1 short sword of speed.
Okay, then.
You closely miss Duvessa.
Duvessa is heavily wounded.
Dowan hits you with a +0 dagger.
Duvessa says, "Where magic fails, the sword succeeds!"
Duvessa hits you with a +1 short sword of speed!
* * * LOW HITPOINT WARNING * * *
Duvessa hits you with a +1 short sword of speed.
* * * LOW HITPOINT WARNING * * *
Okay, then.
Dowan mumbles some strange words.
Dowan blinks!
Duvessa hits you with a +1 short sword of speed!
* * * LOW HITPOINT WARNING * * *
Dowan gestures at you while chanting. The puff of flame hits you.
You die...

##########.#####.##.......#. #.#
#.####'##'##' ### #.#
#.##.....#... ..# #.#
##'##.....#... #.# #.#
##...'##'##'##' #.# ###
#.###....#..#.....# #.#
##.###.##ยง....#..#'###'#
#.########...##.#..>...#..#.....#
................@e.....'..'.._..'
##########...####......#..#....[#
##.## ##e....#..#'###'# #.#
##....#..#.....# #.#
##...'##'##'##' # #.#
##'##.....#... # #.#
#.##.....#... # #.#
##.####'##'##' # ####.###
##..###.....##.


You could see Duvessa and Dowan.

Vanquished Creatures
  Sigmund (D:3)
  A howler monkey (D:4)
  2 hounds (D:4)
  Natasha (thrice) (D:3)
  A hound skeleton (D:4)
  5 adders
  3 dart slugs
  An orc (D:3)
  6 endoplasms
  A giant cockroach (D:2)
  4 goblins
  7 hobgoblins
  A jackal (D:2)
  7 kobolds
  3 quokkas
  7 ball pythons
  10 bats
  7 frilled lizards
  8 rats
78 creatures vanquished.

Vanquished Creatures (others)
  11 plants (D:3)
11 creatures vanquished.

Grand Total: 89 creatures vanquished

Notes
Turn   | Place    | Note
-------+----------+-------------------------------------------
     0 | D:1      | DoubleLucky the Troll Fighter began the quest for the Orb.
     0 | D:1      | Reached XP level 1. HP: 22/22 MP: 0/0
   154 | D:1      | Reached XP level 2. HP: 29/29 MP: 1/1
   156 | D:1      | Found a faded altar of an unknown god.
   740 | D:1      | Reached XP level 3. HP: 37/37 MP: 2/2
  1114 | D:2      | Reached skill level 3 in Unarmed Combat
  1382 | D:2      | Reached XP level 4. HP: 45/45 MP: 3/3
  1423 | D:2      | Found Ojibuapp's Distillery.
  2224 | D:2      | Bought a potion of curing for 39 gold pieces
  2298 | D:3      | Noticed Natasha
  2307 | D:3      | Killed Natasha
  2611 | D:3      | Noticed Natasha
  2636 | D:3      | Killed Natasha
  2637 | D:3      | Reached skill level 4 in Unarmed Combat
  2637 | D:3      | Reached XP level 5. HP: 44/54 MP: 4/4
  2963 | D:3      | Noticed Sigmund
  2973 | D:3      | Killed Sigmund
  2974 | D:3      | Reached XP level 6. HP: 31/63 MP: 5/5
  3143 | D:3      | Found a blossoming altar of Fedhas.
  3143 | D:3      | Noticed Natasha
  3155 | D:3      | Killed Natasha
  3156 | D:3      | Reached skill level 5 in Unarmed Combat
  3326 | D:4      | Found Fiustrap's Armour Shop.
  3359 | D:4      | Noticed Pikel
  3421 | D:4      | Noticed Duvessa
  3437 | D:4      | Noticed Dowan
  3448 | D:3      | Killed from afar by Dowan

Illustrated notes

Levels and vault maps discovered:
D:1:      dpeg_arrival_rhombi, layout_loops_corners,
          shapermc_ecumenical_altar_starsandcircs, supply_closet_lemuel
D:2:      minmay_razor_zed, layout_basic, serial_shops, nicolae_shop_stone,
          st_stairs_11
D:3:      layout_loops_corners, mainiacjoe_overflow_24_doors, serial_bayou,
          serial_bayou_ford_a, serial_bayou_pond_e, serial_bayou_lake_a,
          serial_bayou_pond_c, saegor_snake_ambush, uniq_sigmund, uniq_natasha
D:4:      layout_rooms, nicolae_tso_besieged_by_evil,
          cheibrodos_sewer_entry_bend, serial_shops, nicolae_stop_n_shop_1,
          uniq_robin, uniq_pikel, uniq_duvessa

Skill      XL: |  1  2  3  4  5  6 |
---------------+-------------------+-----
Fighting       | 3 4 |  4.6
Unarmed Combat | 3 4 5 |  5.1
Throwing       | |  0.9
Dodging        | |  2.4
Shields        | |  2.6

Action                   |  1- 3 |  4- 6 || total
-------------------------+-------+-------++-------
Melee: Unarmed           |   117 |   136 ||   253
       Punch             |       |     3 ||     3
Throw: Stone             |    23 |    52 ||    75
  Use: Potion            |       |     1 ||     1
 Stab: Sleeping          |     1 |       ||     1
Armor: Robe              |    37 |    38 ||    75
Dodge: Dodged            |    69 |    61 ||   130
Block: Kite shield       |       |    18 ||    18

Table legend: (Time is in decaauts)
 A = Elapsed time spent in this place.
 B = Non-inter-level travel time spent in this place.
 C = Inter-level travel time spent in this place.
 D = Time resting spent in this place.
 E = Time spent auto-exploring this place.
 F = Levels seen in this place.
 G = Mean time per level.
                   A        B        C        D        E       F      G
               +--------+--------+--------+--------+--------+-----+--------+
         Total |   3449 |   3224 |    225 |      0 |   2523 |   4 |  862.2 |
       Dungeon |   3449 |   3224 |    225 |      0 |   2523 |   4 |  862.2 |
               +--------+--------+--------+--------+--------+-----+--------+

Top non-repeatable levels by time:
     D:2: 1257 daAuts
     D:3: 1116 daAuts
     D:1: 996 daAuts
     D:4: 79 daAuts
